 Dungeon Crawl Stone Soup version 0.20.0-15-g7f486f2 (webtiles) character file.

784 StormFighter the Firebug (level 7, 0/36 HPs)
             Began as a Deep Elf Fire Elementalist on June 25, 2017.
             Slain by a hound (4 damage)
             ... on level 5 of the Dungeon.
             The game lasted 00:19:22 (4546 turns).

StormFighter the Firebug (DEFE)                     Turns: 4546, Time: 00:19:23

Health: 0/36       AC:  3    Str:  5    XL:     7   Next: 55%
Magic:  3/17       EV: 13    Int: 22    God:
Gold:   144        SH:  0    Dex: 15    Spells: 4/17 levels left

rFire    . . .     SeeInvis .   q - -1 dagger (curse)
rCold    . . .     Gourm    .   (no shield)
rNeg     . . .     Faith    .   a - +0 robe
rPois    .         Spirit   .   (no helmet)
rElec    .         Reflect  .   (no cloak)
rCorr    .         Harm     .   n - +0 pair of gloves
MR       .....                  (no boots)
Stlth    ++........             (no amulet)
Regen    0.2/turn               (no ring)
MPRegen  0.2/turn               (no ring)

@: very slightly contaminated, hasted, very quick
A: no striking features
a: no special abilities


You were on level 5 of the Dungeon.
You were not hungry.

You visited 1 branch of the dungeon, and saw 5 of its levels.

You collected 144 gold pieces.

Inventory:

Hand Weapons
 q - a cursed -1 dagger (weapon)
 v - a +3 dagger
 w - a cursed -1 short sword
Missiles
 f - 6 tomahawks (quivered)
Armour
 a - a +0 robe (worn)
 n - a +0 pair of gloves (worn)
Scrolls
 g - 2 scrolls of immolation {unknown}
 k - 2 scrolls of identify {unknown}
 m - a scroll of blinking {unknown}
 o - a scroll of teleportation {unknown}
 r - 3 scrolls of remove curse {unknown}
 u - 3 scrolls of magic mapping {unknown}
Potions
 d - a potion of curing
 e - 2 potions of haste
 h - a potion of resistance {unknown}
 i - a potion of invisibility {unknown}
 p - a potion of ambrosia {unknown}
Books
 b - a book of Flames

   Spells                             Type                      Level
   a - Flame Tongue                   Conjuration/Fire             1
   b - Throw Flame                    Conjuration/Fire             2
   c - Conjure Flame                  Conjuration/Fire             3
   d - Inner Flame                    Hexes/Fire                   3
   e - Sticky Flame                   Conjuration/Fire             4
   f - Fireball                       Conjuration/Fire             5
 l - a book of Minor Magic

   Spells                             Type                      Level
   a - Magic Dart                     Conjuration                  1
   b - Blink                          Translocation                2
   c - Call Imp                       Summoning                    2
   d - Slow                           Hexes                        2
   e - Conjure Flame                  Conjuration/Fire             3
   f - Mephitic Cloud                 Conjuration/Poison/Air       3
Comestibles
 c - 5 bread rations
 j - 4 royal jellies
 t - 2 meat rations


   Skills:
 - Level 2.4 Dodging
 - Level 2.4 Stealth
 + Level 5.5 Spellcasting
 * Level 6.0 Conjurations
 * Level 6.7 Fire Magic


You had 4 spell levels left.
You knew the following spells:

 Your Spells              Type           Power        Failure   Level  Hunger
a - Flame Tongue          Conj/Fire      ####.        1%          1    None
b - Conjure Flame         Conj/Fire      ####....     1%          3    ##.....
c - Sticky Flame          Conj/Fire      ####....     7%          4    ####...
d - Mephitic Cloud        Conj/Pois/Air  ##......     13%         3    ##.....
e - Blink                 Tloc           N/A          14%         2    None


Dungeon Overview and Level Annotations

Branches:
Dungeon (5/15)
 Temple: D:4-7

Altars:
Dithmenos
Elyvilon
Fedhas
Gozag
Okawaru
Qazlal
Yredelemnul

Annotations:
D:5 Dowan, Duvessa, Edmund


Message History

You miscast Blink.
You are very lightly contaminated with residual magic.
You spin around.
Duvessa barely misses you.
Okay, then.
You feel better. Duvessa misses you.
You feel yourself speed up. Duvessa hits you with a short sword.
* * * LOW HITPOINT WARNING * * *
You open the door.
A hound comes into view.
The hound barks!
Found 11 gold pieces.
Edmund the Younger comes into view.
He is wielding a dire flail of crushing.
There is an open door here.
Dowan shouts!
Edmund shouts!
The hound bites you.
* * * LOW HITPOINT WARNING * * *
The hound barely misses you.
The water moccasin hisses angrily.
The hound bites you.
You die...

#....#.........#.............
#....#.........'...≈≈.≈≈....S
##....#.........#...≈#+#≈.....
#.....#.......S.#....'_'..##..
#.....#........##..#≈#+#≈###..
#.....#........#....≈≈.≈≈.....
#.....#........#).............
#..<..+........#..............
#.....#......@.#.........##...
######'#.......h############...
......................#....##...
......................#.........
...............)...e..#.........
.........########.....'....##...
..>......# #@....#....#####
.........# #.....#.........
.........# +$....#..e......


You could see Edmund, Duvessa, a water moccasin and a hound.

Vanquished Creatures
  An ice beast (D:5)
  A necrophage (D:5)
  An ogre (D:5)
  A big kobold (D:4)
  A scorpion (D:4)
  An orc priest (D:3)
  5 orc wizards
  2 worker ants (D:4)
  A killer bee zombie (D:3)
  5 adders
  A gnoll (D:1)
  3 oozes
  An adder skeleton (D:5)
  4 worms
  4 leopard geckos
  8 orcs
  A ball python (D:3)
  3 giant cockroaches
  10 goblins
  9 hobgoblins
  4 quokkas
  4 bats
  5 frilled lizards
  12 kobolds
  A quokka zombie (D:5)
  14 rats
103 creatures vanquished.

Vanquished Creatures (others)
  A bush (D:3)
1 creature vanquished.

Grand Total: 104 creatures vanquished

Notes
Turn   | Place    | Note
-------+----------+-------------------------------------------
     0 | D:1      | StormFighter the Deep Elf Fire Elementalist began the quest for the Orb.
     0 | D:1      | Reached XP level 1. HP: 10/10 MP: 6/6
   123 | D:1      | Reached XP level 2. HP: 13/15 MP: 4/8
   909 | D:2      | Reached XP level 3. HP: 17/19 MP: 6/10
   916 | D:2      | Learned a level 3 spell: Conjure Flame
  1005 | D:2      | Found an iron altar of Okawaru.
  1273 | D:2      | Reached XP level 4. HP: 24/24 MP: 6/11
  1709 | D:3      | Reached XP level 5. HP: 28/28 MP: 3/13
  2359 | D:3      | Found a basalt altar of Yredelemnul.
  2628 | D:3      | Reached skill level 5 in Fire Magic
  3076 | D:4      | Found an opulent altar of Gozag.
  3076 | D:4      | Found a white marble altar of Elyvilon.
  3077 | D:4      | Found a shadowy altar of Dithmenos.
  3340 | D:4      | Reached XP level 6. HP: 25/32 MP: 9/14
  3666 | D:4      | Reached skill level 5 in Conjurations
  3720 | D:4      | Found a blossoming altar of Fedhas.
  3806 | D:4      | Reached skill level 5 in Spellcasting
  3885 | D:4      | Reached XP level 7. HP: 18/36 MP: 12/16
  3951 | D:5      | Entered Level 5 of the Dungeon
  4020 | D:5      | Found a stormy altar of Qazlal.
  4213 | D:5      | Found a stormy altar of Qazlal.
  4289 | D:5      | Noticed Duvessa
  4289 | D:5      | Noticed Dowan
  4298 | D:5      | Learned a level 4 spell: Sticky Flame
  4302 | D:5      | Learned a level 3 spell: Mephitic Cloud
  4305 | D:5      | Learned a level 2 spell: Blink
  4518 | D:5      | HP: 1/35 [Duvessa/short sword (6)]
  4538 | D:5      | Noticed Edmund
  4546 | D:5      | Slain by a hound

Skill      XL: |  1  2  3  4  5  6  7 |
---------------+----------------------+-----
Conjurations   | 2 3 4 5 6 |  6.0
Fire Magic     | 4 5 6 |  6.7
Spellcasting   | 4 5 |  5.5
Dodging        | |  2.4
Stealth        | |  2.4

Action                   |  1- 3 |  4- 6 |  7- 9 || total
-------------------------+-------+-------+-------++-------
Melee: Spear             |     5 |       |       ||     5
       Dagger            |       |    83 |     2 ||    85
 Cast: Flame Tongue      |    57 |   156 |    41 ||   254
       Conjure Flame     |     1 |     3 |     3 ||     7
       Mephitic Cloud    |       |       |     3 ||     3
  Use: Potion            |       |       |     2 ||     2
 Stab: Sleeping          |     3 |     1 |       ||     4
  Eat: Chunk             |       |     8 |       ||     8
       Fruit             |       |     1 |     4 ||     5
Armor: Robe              |       |    15 |       ||    15
Dodge: Dodged            |    10 |    44 |     5 ||    59
